 Dungeon Crawl Stone Soup version 0.31-a0-360-gb3e1d13bf4 (webtiles) character file.

Game seed: 17187112487178821987

1309 LustLizard the Ruffian (level 8, -2/54 HPs)
             Began as an Octopode Shapeshifter on July 26, 2023.
             Was a Believer of Uskayaw.
             Slain by an orc
             ... wielding a +0 hand axe
              (7 damage)
             ... on level 6 of the Dungeon.
             The game lasted 00:11:02 (6388 turns).

LustLizard the Ruffian (Octopode Shapeshifter)      Turns: 6388, Time: 00:11:02

Health: -2/54      AC:  1    Str: 16    XL:     8   Next: 58%
Magic:  8/8        EV: 13    Int: 10    God:    Uskayaw [**....]
Gold:   391        SH:  0    Dex: 19    Spells: 7/7 levels left

rFire   . .          .
                       - Unarmed
rCold   + . .        (no shield)
rNeg    . . .        (helmet currently unavailable)
rPois   .            (no amulet)
rElec   .            d - +6 ring of dexterity
rCorr   .            w - ring of protection from cold
SInv    .            (no ring)
Will    .....        (no ring)
Stlth   ++++         (no ring)
HPRegen 0.29/turn    (no ring)
MPRegen 0.11/turn    (no ring)
                     (no ring)

%: no passive effects
@: beast-form
A: beast (slay +3), almost no armour, amphibious, 8 rings, camouflage 1,
gelatinous body 1, (nimble swimmer 1), tentacles
a: Begin Untransformation, Renounce Religion, Stomp, Line Pass


You were on level 6 of the Dungeon.
You worshipped Uskayaw.
Uskayaw was noncommittal.
You were a hulking beast.
You visited 2 branches of the dungeon, and saw 7 of its levels.
You also visited: Sewer.

You collected 391 gold pieces.

Inventory:

Missiles
 h - a throwing net
 y - 7 poisoned darts
Jewellery
 d - a +6 ring of dexterity (left tentacle)
 w - a ring of protection from cold (right tentacle)
Talismans
 b - a beast talisman
 c - a storm talisman
Wands
 n - a wand of flame (8)
 u - a wand of polymorph (14)
 v - a wand of paralysis (7) (quivered)
 x - a wand of iceblast (4)
Scrolls
 e - 4 scrolls of teleportation
 f - 4 scrolls of blinking
 i - 2 scrolls of brand weapon
 m - 2 scrolls of enchant armour {unknown}
 o - a scroll of butterflies {unknown}
 p - a scroll of noise {unknown}
 q - a scroll of amnesia
 t - a scroll of silence
 z - a scroll of fog {unknown}
Potions
 a - 3 potions of lignification
 g - a potion of heal wounds
 j - 4 potions of curing
 k - a potion of brilliance
 l - a potion of attraction
 r - a potion of might
 s - a potion of haste
 A - a potion of cancellation {unknown}


   Skills:
 + Level 4.7 Fighting
 - Level 2.0 Dodging
 - Level 4.0 Stealth
 * Level 7.4 Unarmed Combat
 + Level 1.3 Invocations
 + Level 5.0 Shapeshifting


You had 7 spell levels left.
You didn't know any spells.
Your spell library contained the following spells:

 Spells                   Type           Power      Damage    Failure   Level
 Static Discharge         Conj/Air       0%         2-2/arc   50%         2
 Dazzling Flash           Conj/Hex       0%         N/A       75%         3
 Gell's Gravitas          Tloc           0%         N/A       75%         3
 Teleport Other           Tloc           0%         N/A       75%         3
 Airstrike                Air            0%         2d(0-16)  98%         4
 Fulminant Prism          Conj/Hex       0%         3d5       98%         4
 Summon Lightning Spire   Summ/Air       0%         N/A       98%         4
 Dispersal                Tloc           0%         N/A       100%        6
 Orb of Destruction       Conj           0%         9d5       100%        7


Dungeon Overview and Level Annotations

Branches:
Dungeon (6/15)             Temple (1/1) D:6           Sewer (visited)

Altars:
Ashenzari
Dithmenos
Elyvilon
Fedhas
Gozag
Hepliaklqana
Makhleb
Nemelex Xobeh
Okawaru
Ru
Trog
Uskayaw
Vehumet
Wu Jian
Yredelemnul
Zin
The Shining One


Innate Abilities, Weirdness & Mutations

You are a hulking beast.
Your limbs bulge with bestial killing power. (Slay +3)
You cannot wear most types of armour.
You are amphibious.
You can wear up to eight rings at the same time.
Your skin changes colour to match your surroundings (Stealth+).
Your rubbery body absorbs attacks. (AC +1, EV +1)
((You are camouflaged when in or above water. (Stealth+)))
You have tentacles for arms and can constrict up to eight enemies at once.


Message History

The orc warrior wields a +0 war axe of electrocution.
You hear the crackle of electricity.
The orc warrior misses you.
You bludgeon the orc warrior! You grab the orc warrior.
The orc warrior is moderately wounded.
You constrict the orc warrior. The orc hits you with a +0 whip.
The orc barely misses you. The orc warrior misses you.
You bludgeon the orc warrior!
The orc warrior is severely wounded.
You constrict the orc warrior. The orc barely misses you.
The orc hits you with a +0 hand axe.
You can now pass through a line of other dancers.
You tentacle-slap the orc warrior but do no damage.
The orc warrior is severely wounded.
You constrict the orc warrior.
The orc warrior hits you with a +0 war axe of electrocution!
The orc hits you with a +0 whip. The orc hits you with a +0 hand axe.
* * * LOW HITPOINT WARNING * * *
You tentacle-slap the orc warrior. You squeeze the orc warrior.
You kill the orc warrior!
The orc hits you with a +0 hand axe.
* * * LOW HITPOINT WARNING * * *
The orc hits you with a +0 whip.
* * * LOW HITPOINT WARNING * * *
Your Invocations skill increases to level 1!
Your Shapeshifting skill increases to level 5!
You tentacle-slap the orc. Your grab misses the orc.
Your tentacle-slap misses the orc.
Your squeeze misses the orc.
The orc is moderately wounded.
You barely miss the orc. You grab the orc. You constrict the orc.
The orc hits you with a +0 whip.
* * * LOW HITPOINT WARNING * * *
The orc closely misses you.
Unknown command.
You feel better.
You constrict the orc, but do no damage.
The orc hits you with a +0 whip.
* * * LOW HITPOINT WARNING * * *
The orc hits you with a +0 hand axe!
You die...

#........#########
#..#####..........
#.....o.##..##
#.#########
#.8...8.##...# #.# #..
....... ##..# #.# #.#
#.oo..# #..# #.# #.#
#8...8 #..# #.# #.# #...
###..####.#######.#
#'####)ho......##..)....
#.....o##.####.##.######
#########.###.....#
#.##.>....# #.........#
####......# ##...#.#
##.##.######
#...#.......


You could see 2 orcs.

Vanquished Creatures
  Edmund (D:5)
  An orc warrior (D:6)
  A centaur (D:5)
  4 bullfrogs
  2 scorpions
  A howler monkey (D:6)
  3 orc priests
  2 hounds
  A sleepcap (D:5)
  Ijyb (D:5)
  4 orc wizards
  15 adders
  2 ufetubi
  A worm (D:3)
  10 dart slugs
  18 orcs
  5 ball pythons
  5 bats
  2 endoplasms (D:1)
  13 giant cockroaches
  5 goblins
  6 hobgoblins
  12 jackals
  13 kobolds
  8 quokkas
  9 frilled lizards
  6 rats
151 creatures vanquished.

Notes
Turn   | Place    | Note
-------+----------+-------------------------------------------
     0 | D:1      | LustLizard the Octopode Shapeshifter began the quest for
                  | the Orb.
     0 | D:1      | Reached XP level 1. HP: 13/13 MP: 1/1
   171 | D:1      | Reached XP level 2. HP: 14/18 MP: 2/2
   358 | D:1      | Reached skill level 1 in Stealth
  1001 | D:2      | Reached XP level 3. HP: 18/23 MP: 3/3
  1872 | D:2      | Reached XP level 4. HP: 28/29 MP: 4/4
  2039 | D:3      | Found a glowing drain.
  2258 | Sewer    | Entered a sewer
  2312 | Sewer    | Reached skill level 4 in Unarmed Combat
  2542 | Sewer    | Reached XP level 5. HP: 34/34 MP: 5/5
  2640 | Sewer    | Reached XP level 6. HP: 12/41 MP: 6/6
  2760 | Sewer    | Got the Secrets of Trauma
  3531 | D:4      | Reached skill level 5 in Unarmed Combat
  4161 | D:5      | Entered Level 5 of the Dungeon
  4228 | D:5      | Reached XP level 7. HP: 46/46 MP: 7/7
  4322 | D:5      | Noticed Edmund
  4429 | D:5      | Noticed Ijyb
  4437 | D:5      | Paralysed by Ijyb for 2 turns
  4444 | D:5      | Killed Ijyb
  4509 | D:5      | Reached skill level 6 in Unarmed Combat
  4525 | D:5      | Found a broken altar of Ashenzari.
  5098 | D:5      | Killed Edmund
  5099 | D:5      | Reached XP level 8. HP: 23/54 MP: 8/8
  5415 | D:6      | Reached skill level 7 in Unarmed Combat
  5648 | D:6      | Found a runed translucent door.
  5791 | D:6      | Found a burning altar of Makhleb.
  5798 | D:6      | Found a staircase to the Ecumenical Temple.
  5810 | Temple   | Entered the Ecumenical Temple
  5818 | Temple   | Became a worshipper of Uskayaw the Reveller
  5882 | D:6      | Reached * piety under Uskayaw
  5891 | D:6      | Reached ** piety under Uskayaw
  5894 | D:6      | Reached *** piety under Uskayaw
  6014 | D:6      | Found a glowing silver altar of Zin.
  6023 | D:6      | Found a radiant altar of Vehumet.
  6386 | D:6      | Reached skill level 1 in Invocations
  6386 | D:6      | Reached skill level 5 in Shapeshifting
  6388 | D:6      | Slain by an orc

Illustrated notes

Levels and vault maps discovered:
D:1:      heliophobic_arrival_enchanted_forest, layout_loops_ring
D:2:      layout_loops_corners, hangedman_decor_growths
D:3:      layout_loops_ring, portal_sewer_entry_f, lexackson_kobold_supper
D:4:      kennysheep_slugbush, layout_cave_pools
D:5:      layout_loops_ring, lemuel_coloured_pillars_altar, uniq_ijyb,
          uniq_edmund
D:6:      layout_loops_ring, mainiacjoe_overflow_concentric_impassable,
          mainiacjoe_overflow_swirl, minmay_temple_entry_enclosed_plants,
          kennysheep_small_spiral, lightli_church_of_beogh
Temple:   compressed_dpeg_triangle_lava_temple

Skill      XL: |  1  2  3  4  5  6  7  8 |
---------------+-------------------------+-----
Stealth        | 1 2 3 4 |  4.0
Fighting       | 2 3 4 |  4.7
Unarmed Combat | 4 5 6 7 |  7.4
Shapeshifting  | 4 5 |  5.0
Invocations    | 1 |  1.3
Dodging        | |  2.0

Action                     |  1- 3 |  4- 6 |  7- 9 || total
---------------------------+-------+-------+-------++-------
  Melee: Unarmed           |    60 |   182 |    84 ||   326
         Constrict         |    15 |    47 |    24 ||    86
         Tentacles         |     7 |    45 |    23 ||    75
         Punch             |       |    13 |     6 ||    19
  Throw: Dart              |       |     5 |     7 ||    12
  Evoke: Wand              |       |       |     6 ||     6
    Use: Scroll            |       |     9 |     3 ||    12
         Potion            |       |       |     1 ||     1
   Stab: Sleeping          |       |    14 |    11 ||    25
         Paralysed         |       |       |     3 ||     3
         Distracted        |       |       |     1 ||     1
 Armour: Skin              |     5 |     5 |     3 ||    13
  Dodge: Dodged            |    24 |    56 |    41 ||   121

Table legend: (Time is in decaauts)
 A = Elapsed time spent in this place.
 B = Non-inter-level travel time spent in this place.
 C = Inter-level travel time spent in this place.
 D = Time resting spent in this place.
 E = Time spent auto-exploring this place.
 F = Levels seen in this place.
 G = Mean time per level.
                   A        B        C        D        E       F      G
               +--------+--------+--------+--------+--------+-----+--------+
         Total |   6355 |   6073 |    282 |    610 |   3745 |   8 |  794.4 |
       Dungeon |   5732 |   5460 |    272 |    472 |   3592 |   6 |  955.3 |
        Temple |     14 |      4 |     10 |      0 |      0 |   1 |   14.0 |
         Sewer |    607 |    607 |      0 |    138 |    153 |   1 |  607.0 |
               +--------+--------+--------+--------+--------+-----+--------+

Top non-repeatable levels by time:
     D:6: 1106 daAuts
     D:5: 1087 daAuts
     D:2: 1029 daAuts
     D:1: 935 daAuts
     D:3: 908 daAuts
     D:4: 664 daAuts
   Sewer: 607 daAuts
  Temple: 14 daAuts
